 Dungeon Sprint DCSS version 0.28-a0-79-g444c7a33f5 (webtiles) character file.

Game seed: 8428061718601118923

46 Zeldest the Insei (level 3, -14/17 HPs)
             Began as a Vine Stalker Transmuter on Aug 2, 2021.
             Was an Initiate of Cheibriados.
             Demolished by a shadow (15 damage)
             ... in the Dungeon (Sprint IX: "|||||||||||||||||||||||||||||").
             The game lasted 00:00:55 (112 turns).

Zeldest the Insei (Vine Stalker Transmuter)          Turns: 112, Time: 00:00:56

Health: -14/17     AC: 15    Str: 14    XL:     3   Next: 66%
Magic:  0/7        EV:  6    Int: 14    God:    Cheibriados [......]
Gold:   0          SH:  0    Dex: 15    Spells: 5/6 levels left

rFire   . . .      SeeInvis .     - Unarmed
rCold   . . .      Faith    .   (no shield)
rNeg    . . .      Spirit   +   h - +1 chain mail
rPois   .          Reflect  .   i - +0 helmet
rElec   .          Harm     .   j - +0 cloak
rCorr   .          Rampage  .   (no gloves)
Will    .....      NoTele   +   (no boots)
Stlth   ..........              (no amulet)
HPRegen 0.05/turn               k - +2 ring of protection
MPRegen 0.10/turn               l - +2 ring of protection

@: very slightly contaminated, invisible, slow
A: fangs 2, magic shield, antimagic bite, no potion heal 2
a: Renounce Religion, Bend Time


You were in the Dungeon.
You worshipped Cheibriados.
Cheibriados was noncommittal.
You visited 1 branch

Inventory:

Armour
 a - a +0 robe
 h - a +1 chain mail (worn)
 i - a +0 helmet (worn)
 j - a +0 cloak (worn)
Jewellery
 k - a +2 ring of protection (left hand)
 l - a +2 ring of protection (right hand)
Wands
 g - a wand of iceblast (10)
Scrolls
 e - 2 scrolls of amnesia
 f - 2 scrolls of blinking
Potions
 b - 5 potions of curing
 d - 4 potions of magic


   Skills:
 + Level 0.8 Fighting
 + Level 0.0 Armour
 + Level 1.5 Dodging
 + Level 7.5 Unarmed Combat
 - Level 2.1 Spellcasting
 + Level 2.0 Transmutations
 + Level 0.0 Invocations


You had 5 spell levels left.
You knew the following spells:

 Your Spells              Type           Power      Damage    Failure   Level
a - Beastly Appendage     Tmut           14%        N/A       97%         1

Your spell library contained the following spells:

 Spells                   Type           Power      Damage    Failure   Level
 Wereblood                Tmut           7%         N/A       99%         2
 Spider Form              Tmut/Pois      2%         N/A       100%        3
 Ice Form                 Ice/Tmut       4%         N/A       100%        4


Dungeon Overview and Level Annotations

Branches:
Dungeon (1/1)

Altars:
Cheibriados
Dithmenos
Elyvilon
Fedhas
Gozag
Hepliaklqana
Kikubaaqudgha
Makhleb
Nemelex Xobeh
Okawaru
Qazlal
Ru
Sif Muna
Trog
Uskayaw
Vehumet
Wu Jian
Xom
Yredelemnul
Zin
The Shining One
Beogh
Jiyva
Lugonu


Innate Abilities, Weirdness & Mutations

You have extremely sharp teeth.
When hurt, damage is shared between your health and your magic reserves.
Your bite disrupts and absorbs the magic of your enemies.
Potions cannot restore your health.


Message History

l - a +2 ring of protection
k - a +2 ring of protection (left hand)
l - a +2 ring of protection (right hand)
Casting: Beastly Appendage (safe; 97% risk of failure)
Confirm with . or Enter, or press ? or * to list all spells.
Okay, then.
Okay, then.
Okay, then.
Casting: Beastly Appendage (safe; 97% risk of failure)
Confirm with . or Enter, or press ? or * to list all spells.
You miscast Beastly Appendage.
You are very lightly contaminated with residual magic.
Nothing appears to happen.
Casting: Beastly Appendage (safe; 97% risk of failure)
Confirm with . or Enter, or press ? or * to list all spells.
Okay, then.
You fade into invisibility!
You open the door.
A steam dragon, a gnoll sergeant, a kobold brigand, an orc priest, a shadow and a zombie come into view.
The kobold brigand is wielding a +0 whip and quivering curare-tipped darts.
The gnoll sergeant shouts!
The orc priest shouts!
Okay, then.
The steam dragon hisses angrily.
You punch the shadow!
The shadow is moderately damaged.
The steam dragon hisses angrily.
The orc priest shouts!
The shadow slips into darkness.
The shadow flickers and vanishes!
Deactivating autopickup; reactivate with Ctrl-A.
You miss something.
The steam dragon hisses angrily.
You punch something! Your bite misses something.
The steam dragon hisses angrily.
The orc priest calls down the wrath of Beogh upon you.
Beogh smites you!
Ouch! That really hurt!
* * * LOW HITPOINT WARNING * * *
The shadow strikes at you from the darkness!
Ouch! That really hurt!
You die...

▓!▓
▓.▓
▓)▓
▓.▓
▓.▓
▓.▓
▓.▓
▓.▓
▓@▓
▓{▓
▓D▓
▓g▓
▓.▓
▓Z▓
▓K▓
▓o▓


You could see a steam dragon (wandering), a kobold brigand, a gnoll sergeant, an
orc priest and a quokka zombie (wandering).

Vanquished Creatures
  A hound (D)
  2 adder zombies (D)
  A bat zombie (D)
  An endoplasm (D)
  3 goblins (D)
  A hobgoblin (D)
  A ball python skeleton (D)
10 creatures vanquished.

Notes
Turn   | Place    | Note
-------+----------+-------------------------------------------
     0 | D        | Zeldest the Vine Stalker Transmuter began the quest for the
                  | Orb.
     0 | D        | Reached XP level 1. HP: 9/9 MP: 4/4
     1 | D        | Banished a spatial maelstrom
     7 | D        | Reached skill level 4 in Unarmed Combat
    13 | D        | Reached XP level 2. HP: 11/14 MP: 3/6
    24 | D        | Reached skill level 5 in Unarmed Combat
    28 | D        | Reached skill level 7 in Unarmed Combat
    28 | D        | Reached XP level 3. HP: 17/17 MP: 3/7
    38 | D        | Found a snail-covered altar of Cheibriados.
    38 | D        | Found a shadowy altar of Dithmenos.
    38 | D        | Found a white marble altar of Elyvilon.
    38 | D        | Found a blossoming altar of Fedhas.
    38 | D        | Found an opulent altar of Gozag.
    39 | D        | Found a hazy altar of Hepliaklqana.
    40 | D        | Found a viscous altar of Jiyva.
    41 | D        | Found an ancient bone altar of Kikubaaqudgha.
    42 | D        | Became a worshipper of Cheibriados the Contemplative
    43 | D        | Found a corrupted altar of Lugonu.
    44 | D        | Found a burning altar of Makhleb.
    45 | D        | Found a sparkling altar of Nemelex Xobeh.
    46 | D        | Found an iron altar of Okawaru.
    47 | D        | Found a stormy altar of Qazlal.
    48 | D        | Found a sacrificial altar of Ru.
    49 | D        | Found a shimmering blue altar of Sif Muna.
    50 | D        | Found a bloodstained altar of Trog.
    51 | D        | Found a hide-covered altar of Uskayaw.
    52 | D        | Found a radiant altar of Vehumet.
    53 | D        | Found an ornate altar of the Wu Jian Council.
    54 | D        | Found a shimmering altar of Xom.
    55 | D        | Found a basalt altar of Yredelemnul.
    56 | D        | Found a glowing silver altar of Zin.
    57 | D        | Found a glowing golden altar of the Shining One.
   109 | D        | Noticed a shadow
   109 | D        | Noticed a steam dragon
   109 | D        | Noticed a gnoll sergeant
   109 | D        | Noticed a kobold brigand
   112 | D        | Demolished by a shadow

Illustrated notes

Levels and vault maps discovered:
D:        linesprint [early_d, line_temple, items_1, d_10, items_2, lair_1,
          lair_end, items_3, orc_1, orc_end, items_4, d_15, swamp_1, shoals_1,
          snake_1, spider_1, d_20, vaults_1, items_5, swamp_end, shoals_end,
          snake_end, spider_end, vaults_end, d_27, items_6, zot_1, zot_end,
          crypt_end, forest_end, elf_end, slime_end, tomb_end, abyss_end,
          pan_hell_end]

Skill      XL: |  1  2 |
---------------+-------+-----
Unarmed Combat | 4 7 |  7.5
Fighting       | |  0.8
Dodging        | |  1.5
Spellcasting   | |  2.1
Transmutations | |  2.0

Action                   || total
-------------------------++-------
Melee: Unarmed           ||    20
       Headbutt          ||     4
       Kick              ||     2
       Bite              ||     2
       Punch             ||     1
 Cast: Beastly Appendage ||     2
  Use: Potion            ||     3
Armor: Robe              ||     3
Dodge: Dodged            ||     5

Table legend: (Time is in decaauts)
 A = Elapsed time spent in this place.
 B = Non-inter-level travel time spent in this place.
 C = Inter-level travel time spent in this place.
 D = Time resting spent in this place.
 E = Time spent auto-exploring this place.
 F = Levels seen in this place.
 G = Mean time per level.
                   A        B        C        D        E       F      G
               +--------+--------+--------+--------+--------+-----+--------+
         Total |    106 |    106 |      0 |      0 |      0 |   1 |  106.0 |
       Dungeon |    106 |    106 |      0 |      0 |      0 |   1 |  106.0 |
               +--------+--------+--------+--------+--------+-----+--------+

Top non-repeatable levels by time:
       D: 106 daAuts
